AoeStats
← RadagastTheBrown

Arena

509263479Analyzed
4v4 RM · 5d ago on Sep 26, 2026· 69m 25s· 8 players
Game mode
Random Map
Map size
Large (8 player)
Population
200
Speed
Normal
Resources
Standard
Victory
Conquest
Starting age
Dark Age
Ending age
Imperial Age
RankedLock teamsTeams togetherTeam positionsShared explorationLock speedFull tech treeHidden civsTurbo modeCheats
Victory
Defeat
🇺🇸 Danes · United States
896
+14
🇺🇸 Mongols · United States
823
+17
🇺🇸 Franks · United States
809
+18
🇺🇸 Celts · United States
785
+19
🇲🇽 Bohemians · Mexico
975
-22
🇨🇱 Muisca · Chile
896
-19
🇲🇽 Britons · Mexico
808
-15
🇫🇷 Khmer · France
719
-12
RadagastTheBrown
10:38 Feudal Age
15:36 Castle Age
15:08 Double-Bit Axe
20:34 Crossbowman
23:26 Fletching
29:28 Bodkin Arrow
31:28 Forging
31:58 Scale Mail Armor
32:04 Scale Barding Armor
38:00 Imperial Age
38:05 Cavalier
41:54 Husbandry
60:50 Conscription
64:10 Chemistry
AffirmedTurtle
10:06 Feudal Age
9:56 Loom
15:50 Castle Age
13:51 Horse Collar
15:07 Double-Bit Axe
23:11 Wheelbarrow
22:21 Town Watch
30:22 Imperial Age
29:54 Scale Barding Armor
30:13 Bow Saw
30:06 Heavy Plow
31:14 Capped Ram
32:01 Siege Ram
32:52 Husbandry
33:03 Bloodlines
33:34 Chain Barding Armor
34:11 Drill
34:12 Conscription
33:51 Gold Mining
34:19 Forging
37:48 Hand Cart
37:43 Elite Steppe Lancer
40:55 Iron Casting
40:20 Scale Mail Armor
40:11 Fletching
41:03 Light Cavalry
46:18 Masonry
46:13 Siege Engineers
46:29 Ballistics
47:10 Chemistry
46:09 Bodkin Arrow
46:15 Padded Archer Armor
46:30 Chain Mail Armor
47:15 Blast Furnace
47:07 Bracer
47:12 Hussar
57:17 Gold Shaft Mining
58:36 Leather Archer Armor
58:29 Thumb Ring
60:04 Fortified Wall
60:16 Elite Mangudai
65:55 Guard Tower
MazerRackham
10:45 Feudal Age
15:51 Castle Age
14:26 Double-Bit Axe
18:43 Bow Saw
18:21 Gambesons
18:37 Squires
18:49 Forging
27:49 Crossbowman
28:35 Thumb Ring
30:46 Horse Collar
34:30 Wheelbarrow
33:53 Gold Mining
35:39 Fletching
36:25 Iron Casting
35:50 Scale Mail Armor
37:43 Heavy Plow
37:38 Arson
41:45 Imperial Age
39:16 Loom
39:28 Bodkin Arrow
39:29 Light Cavalry
41:12 Hand Cart
41:26 Bloodlines
41:56 Chain Mail Armor
41:44 Padded Archer Armor
42:39 Onager
47:08 Bracer
51:47 Man-at-Arms
53:00 Long Swordsman
55:18 Two-Handed Swordsman
62:36 Elite Varangian Guard
63:26 Siege Onager
64:16 Champion
66:41 Plate Mail Armor
67:25 Blast Furnace
ultradesk
11:16 Feudal Age
15:58 Castle Age
14:43 Stone Mining
15:36 Gold Mining
15:34 Double-Bit Axe
19:21 Stone Shaft Mining
28:55 Bow Saw
31:25 Gold Shaft Mining
36:12 Imperial Age
34:49 Wheelbarrow
34:00 Town Watch
35:34 Horse Collar
36:34 Caravan
36:20 Capped Ram
37:48 Hand Cart
38:01 Town Patrol
40:10 Furor Celtica
40:48 Forging
40:39 Scale Mail Armor
41:15 Siege Ram
42:48 Heavy Scorpion
44:03 Stronghold
44:33 Conscription
46:00 Fletching
46:11 Elite Woad Raider
48:06 Siege Engineers
48:24 Ballistics
49:04 Chemistry
48:07 Bodkin Arrow
48:47 Iron Casting
49:33 Chain Mail Armor
49:15 Onager
60:59 Blast Furnace
60:29 Plate Mail Armor
62:13 Siege Onager
leon_skennedy96
0:27 Loom
17:02 Feudal Age
20:33 Wheelbarrow
19:45 Town Watch
19:31 Man-at-Arms
19:39 Man-at-Arms
21:01 Padded Archer Armor
26:15 Gold Mining
26:16 Stone Mining
26:12 Double-Bit Axe
26:39 Forging
26:20 Fletching
26:13 Horse Collar
29:38 Castle Age
27:47 Town Watch
29:31 Scale Mail Armor
30:51 Heavy Plow
31:04 Bow Saw
31:33 Gold Shaft Mining
30:53 Long Swordsman
32:07 Bodkin Arrow
33:31 Treadmill Crane
34:02 Masonry
33:55 Pikeman
38:17 Yeomen
40:05 Ballistics
39:56 Fortified Wall
41:51 Chain Mail Armor
46:10 Imperial Age
43:59 Hand Cart
45:11 Caravan
45:46 Coinage
48:20 Squires
48:06 Gambesons
48:07 Arson
47:44 Two-Handed Swordsman
48:48 Conscription
48:59 Halberdier
51:13 Plate Mail Armor
51:20 Iron Casting
53:22 Blast Furnace
52:39 Champion
54:19 Bracer
54:36 Leather Archer Armor
56:12 Block Printing
56:08 Fervor
55:55 Herbal Medicine
57:35 Chemistry
59:03 Elite Longbowman
62:52 Sanctity
63:20 Banking
63:01 Guilds
65:47 Illumination
66:01 Theocracy
66:37 Warwolf
67:17 Devotion
68:00 Ring Archer Armor
67:39 Scale Barding Armor
68:15 Hoardings
Mogador
11:02 Feudal Age
11:32 Horse Collar
12:03 Double-Bit Axe
18:39 Castle Age
19:18 Pikeman
20:00 Squires
23:09 Scale Mail Armor
23:30 Forging
24:59 Chain Mail Armor
25:27 Wheelbarrow
25:30 Iron Casting
27:12 Fletching
28:21 Bodkin Arrow
32:27 Imperial Age
31:34 Wagenburg Tactics
33:09 Bracer
34:14 Chemistry
33:40 Hand Cart
34:49 Conscription
35:33 Loom
36:18 Fervor
36:28 Sanctity
36:00 Halberdier
37:31 Hussite Reforms
39:35 Blast Furnace
39:19 Arson
40:06 Plate Mail Armor
lerbismancillag
0:30 Loom
11:31 Feudal Age
15:54 Castle Age
14:13 Double-Bit Axe
14:22 Horse Collar
15:26 Gold Mining
15:30 Stone Mining
21:48 Wheelbarrow
23:27 Heavy Plow
23:40 Bow Saw
25:51 Champi Runner
26:31 Squires
30:26 Champi Warrior
32:02 Gold Shaft Mining
32:30 Stone Shaft Mining
33:37 Hand Cart
33:42 Town Watch
39:23 Imperial Age
38:13 Forging
38:04 Scale Mail Armor
40:17 Iron Casting
40:06 Chain Mail Armor
39:48 Fletching
42:52 Conscription
43:40 Chemistry
49:45 Crop Rotation
49:24 Elite Temple Guard
50:56 Plate Mail Armor
61:54 Bodkin Arrow
63:59 Ballistics
69:07 Elite Champi Warrior
jpd17
5:50 Loom
14:03 Feudal Age
17:51 Horse Collar
20:59 Double-Bit Axe
21:47 Gold Mining
21:49 Stone Mining
26:35 Castle Age
25:41 Scale Mail Armor
25:55 Forging
27:33 Chain Mail Armor
28:29 Wheelbarrow
27:30 Pikeman
28:54 Stone Shaft Mining
28:53 Bow Saw
28:54 Town Watch
31:26 Scale Barding Armor
34:00 Hand Cart
34:36 Chain Barding Armor
35:05 Elite Skirmisher
47:17 Iron Casting
50:36 Imperial Age
48:12 Fletching
49:51 Bodkin Arrow
52:49 Halberdier
54:31 Blast Furnace
55:08 Caravan
56:54 Plate Barding Armor
61:34 Gold Shaft Mining
61:01 Bracer
60:57 Arson
62:52 Padded Archer Armor
Connection lost

Rejoining the realm…

Still unreachable

The connection could not be restored.

Session expired

The server has moved on; the page needs a fresh start.